 Dungeon Crawl Stone Soup version 0.15-a0-1224-g3833f9c (webtiles) character file.

1454 PolkaDot the Jinx (level 8, -2/52 HPs)
             Began as a Vampire Enchanter on June 2, 2014.
             Slain by Arvee's ghost (33 damage)
             ... on Level 6 of the Dungeon.
             The game lasted 00:26:13 (5743 turns).

PolkaDot the Jinx (Vampire Enchanter)               Turns: 5743, Time: 00:26:14

HP  -2/52        AC  9     Str 12      XL: 8   Next: 47%
MP   1/13        EV 21     Int 19      God:
Gold 301         SH  0     Dex 19      Spells:  4 memorised,  1 level left

rFire  . . .     SeeInvis +     d - +4,+2 dagger
rCold  + + .     Clarity  .     b - +1 robe
rNeg   + + +     rCorr    .     (no shield)
rPois  +         rRot     +     (no helmet)
rElec  .         Spirit   .     (no cloak)
SustAb .         Warding  .     h - +2 pair of gloves
rMut   .         Stasis   .     l - +2 pair of boots
Gourm  .                        (no amulet)
MR     .....                    (no ring)
                                (no ring)

@: mighty, agile, bloodless, non-regenerating, not resistant to hostile
enchantments, very stealthy
A: bottle blood, fangs 3, see invisible, unbreathing
a: Bat Form, Bottle Blood


You were on level 6 of the Dungeon.
You were bloodless.

You visited 2 branches of the dungeon, and saw 7 of its levels.

You collected 301 gold pieces.

Inventory:

Hand weapons
 d - a +4,+2 dagger (weapon)
Armour
 b - a +1 robe (worn)
 h - a +2 pair of gloves (worn)
 l - a +2 pair of boots (worn)
Magical devices
 g - a wand of fireball (3)
 r - a wand of confusion (7)
Scrolls
 a - 5 scrolls of remove curse
 f - a scroll of fear
 i - 3 scrolls of teleportation
Potions
 e - a potion of agility
 k - 5 potions of curing
 o - a potion of brilliance
 p - 3 potions of heal wounds
 s - a potion of magic {unknown}
 t - 2 potions of haste {unknown}
Books
 c - a book of Maledictions

   Spells                             Type                      Level
   *Corona                            Hexes                        1
   Sure Blade                         Hexes/Charms                 2
   *Ensorcelled Hibernation           Hexes/Ice                    2
   *Confuse                           Hexes                        3
   Dazzling Spray                     Conjuration/Hexes            3
   *Enslavement                       Hexes                        4


   Skills:
 - Level 2.9 Short Blades
 + Level 5.2 Dodging
 + Level 9.0 Stealth
 - Level 2.0 Spellcasting
 * Level 11.1 Hexes
 - Level 2.0 Ice Magic


You had one spell level left.
You knew the following spells:

 Your Spells              Type           Power        Failure   Level  Hunger
a - Corona                Hex            #####..      1%          1    #......
c - Confuse               Hex            #####...     1%          3    ####...
d - Ensorcelled Hibernat  Hex/Ice        ####..       1%          2    ##.....
e - Enslavement           Hex            #####...     1%          4    #####..


Dungeon Overview and Level Annotations

Branches:
Dungeon (6/15)             Temple (1/1) D:6

Altars:
Cheibriados
Dithmenos
Elyvilon
Fedhas
Gozag
Nemelex Xobeh
Qazlal
Sif Muna
Trog
Vehumet
Xom
The Shining One

Annotations:
D:6 Arvee's ghost, experienced OgBe


Innate Abilities, Weirdness & Mutations

You do not heal naturally.
You can bottle blood from corpses.
You have razor-sharp teeth.*
You have supernaturally acute eyesight.
You can survive without breathing.*


Message History

Dowan is severely wounded.
Dowan barely misses you.
You slash Dowan!
Dowan is almost dead.
Dowan gestures wildly while chanting.
Dowan blinks!
Arvee's ghost (experienced Ogre Berserker) comes into view.
Dowan casts a spell.
Dowan is healed somewhat.
You see here an iguana corpse.
You puncture Dowan!
Dowan is almost dead.
Dowan hits you but does no damage.
You hit Dowan.
You kill Dowan!
Your Stealth skill increases to level 9!
Your Hexes skill increases to level 11!
Arvee's ghost hits you!!
Ouch! That really hurt!
You die...

##########.#########.########
.............................
............................
............................
............................
......)..<.................
.....()........>...........
...(..(%...................
##########......@..)..######
≈≈≈≈≈≈≈≈≈#.....W..._..≈≈≈≈≈≈
≈≈≈≈≈≈≈≈≈#...(...)%)..≈≈≈≈≈≈
≈≈≈≈≈≈≈≈≈#............≈≈≈≈≈
≈≈≈≈≈≈≈≈≈#............≈≈≈≈≈
≈≈≈≈≈≈≈≈≈#............≈≈≈≈≈
≈≈≈≈≈≈≈≈≈#............≈≈≈≈
≈≈≈≈≈≈≈≈≈# ..$..###..≈≈≈
%...###..≈≈


You could see Arvee's ghost.

Vanquished Creatures
  Edmund (D:4)
  Dowan (D:6)
  The ghost of Arvee the Sneak, an average NaFi (D:3)
  An orc warrior (D:6)
  A centaur (D:6)
  An ogre (D:5)
  A sky beast (D:5)
  Blork the orc (D:4)
  A giant frog (D:5)
  A scorpion (D:4)
  2 crimson imps (D:5)
  3 hounds (D:5)
  2 orc priests (D:4)
  5 orc wizards
  A worker ant (D:4)
  An iguana (D:5)
  9 gnolls
  6 adders
  2 giant mites
  A worm (D:4)
  2 giant geckos
  An ooze (D:4)
  16 orcs
  14 bats
  2 giant cockroaches (D:2)
  4 goblins
  13 hobgoblins
  5 jackals
  10 kobolds
  4 quokkas
  4 giant newts
  2 goblin skeletons (D:4)
  9 rats
  A rat skeleton (D:4)
129 creatures vanquished.

Vanquished Creatures (collateral kills)
  Duvessa (D:6)
  An orc priest (D:6)
  An iguana (D:6)
  A worker ant (D:6)
  2 gnolls (D:5)
  An orc (D:6)
  A rat zombie (D:6)
8 creatures vanquished.

Grand Total: 137 creatures vanquished

Notes
Turn   | Place    | Note
--------------------------------------------------------------
     0 | D:1      | PolkaDot, the Vampire Enchanter, began the quest for the Orb.
     0 | D:1      | Reached XP level 1. HP: 13/13 MP: 3/3
   337 | D:1      | Reached XP level 2. HP: 19/19 MP: 4/4
   408 | D:1      | Learned a level 2 spell: Ensorcelled Hibernation
   621 | D:1      | Reached skill level 5 in Hexes
   621 | D:1      | Reached skill level 1 in Ice Magic
   621 | D:1      | Reached XP level 3. HP: 22/24 MP: 0/6
   965 | D:1      | Reached XP level 4. HP: 30/30 MP: 0/7
  1212 | D:2      | Reached skill level 5 in Stealth
  1453 | D:2      | Learned a level 3 spell: Confuse
  2020 | D:3      | Noticed Arvee's ghost (average NaFi)
  2043 | D:3      | Killed Arvee's ghost
  2043 | D:3      | Reached skill level 6 in Hexes
  2043 | D:3      | Reached XP level 5. HP: 32/35 MP: 7/9
  2291 | D:4      | Reached skill level 7 in Hexes
  2338 | D:4      | Reached XP level 6. HP: 33/41 MP: 7/10
  2634 | D:4      | Noticed Edmund
  2711 | D:4      | Killed Edmund
  2711 | D:4      | Reached skill level 8 in Hexes
  2795 | D:4      | Noticed Blork the orc
  3701 | D:4      | Reached XP level 7. HP: 43/46 MP: 7/12
  4159 | D:4      | Killed Blork the orc
  4249 | D:5      | Entered Level 5 of the Dungeon
  4379 | D:5      | Reached skill level 9 in Hexes
  4847 | D:5      | Learned a level 4 spell: Enslavement
  5073 | D:5      | Reached skill level 10 in Hexes
  5073 | D:5      | Reached XP level 8. HP: 52/52 MP: 13/13
  5440 | D:6      | Found a glowing golden altar of the Shining One.
  5457 | D:6      | Found a staircase to the Ecumenical Temple.
  5588 | Temple   | Entered the Ecumenical Temple
  5662 | D:6      | Reached skill level 5 in Dodging
  5702 | D:6      | Noticed Duvessa
  5703 | D:6      | Noticed Dowan
  5727 | D:6      | Killed Duvessa
  5739 | D:6      | Noticed Arvee's ghost (experienced OgBe)
  5741 | D:6      | Killed Dowan
  5741 | D:6      | Reached skill level 11 in Hexes
  5743 | D:6      | Slain by Arvee's ghost

Action                   |  1- 3 |  4- 6 |  7- 9 || total
-------------------------+-------+-------+-------++-------
Melee: Dagger            |    43 |    60 |   130 ||   233
       Cutlass           |       |    62 |     5 ||    67
 Cast: Corona            |     5 |     4 |     3 ||    12
       Ensorcelled Hiber |    14 |    50 |    50 ||   114
       Confuse           |       |     2 |       ||     2
       Enslavement       |       |       |     5 ||     5
Evoke: Wand              |       |       |     2 ||     2
  Use: Scroll            |       |    10 |     5 ||    15
       Potion            |       |     3 |     2 ||     5
 Stab: Sleeping          |    16 |    37 |    37 ||    90
       Confused          |       |     6 |       ||     6
       Distracted        |       |       |     1 ||     1
       Held in net/web   |       |       |     1 ||     1
